 Dungeon Crawl Stone Soup version 0.21.1-68-g103a7af (webtiles) character file.

8017 tev the Severer (level 11, -2/97 HPs)
             Began as a Minotaur Berserker on Aug 1, 2018.
             Was a High Priest of Trog.
             Slain by an unseen horror (10 damage)
             ... on level 11 of the Dungeon.
             The game lasted 00:55:23 (10818 turns).

tev the Severer (Minotaur Berserker)               Turns: 10818, Time: 00:55:23

Health: -2/97      AC: 10    Str: 25    XL:     11   Next: 4%
Magic:  10/10      EV: 13    Int:  4    God:    Trog [*****.]
Gold:   334        SH:  0    Dex: 10    Spells: 10/10 levels left

rFire    + . .     SeeInvis .   D - +0 war axe (vamp)
rCold    + . .     Gourm    .   (no shield)
rNeg     + . .     Faith    .   H - +4 ring mail "Mujosina" {Stlth+}
rPois    .         Spirit   .   (helmet restricted)
rElec    .         Reflect  .   A - scarf {rC+ rF+}
rCorr    +         Harm     .   (no gloves)
MR       ++...                  (no boots)
Stlth    +.........             z - amulet of rage
HPRegen  1.26/turn              i - ring of resist corrosion
MPRegen  0.12/turn              v - ring of positive energy

@: lethally poisoned (-2 -> -3), berserk cooldown, regenerating
A: retaliatory headbutt, horns 2, blink, wild magic 1, MP-powered wands
a: Blink, Berserk, Trog's Hand, Brothers in Arms, Burn Spellbooks, Renounce
Religion, Evoke Berserk Rage


You were on level 11 of the Dungeon.
You worshipped Trog.
Trog was extremely pleased with you.
You were very hungry.

You visited 1 branch of the dungeon, and saw 11 of its levels.

You collected 448 gold pieces.
You spent 114 gold pieces at shops.

Inventory:

Hand Weapons
 D - a +0 vampiric war axe (weapon)
Armour
 a - a scarf of repulsion
 q - a +0 ring mail of positive energy
 A - a scarf of resistance (worn)
 F - a +0 plate armour
 G - a +0 ring mail of fire resistance
 H - the +4 ring mail "Mujosina" (worn) {Stlth+}
   (You found it on level 10 of the Dungeon)

   It makes you more stealthy.
Jewellery
 i - a ring of resist corrosion (left hand)
 v - a ring of positive energy (right hand)
 z - an amulet of rage (around neck)
 C - an uncursed ring of wizardry
 E - an uncursed ring of loudness
Wands
 u - a wand of paralysis (30)
 L - a wand of polymorph (8)
Scrolls
 d - 2 scrolls of enchant weapon
 e - 7 scrolls of teleportation
 l - 5 scrolls of identify
 o - a scroll of magic mapping {unknown}
 p - 3 scrolls of enchant armour {unknown}
 r - 5 scrolls of remove curse
 y - 2 scrolls of amnesia {unknown}
 I - a scroll of fog {unknown}
 J - a scroll of fear {unknown}
Potions
 f - a potion of experience
 g - 5 potions of curing
 h - a potion of resistance
 j - 2 potions of magic
 k - 2 potions of degeneration
 m - 2 potions of mutation
 n - 2 potions of haste
 t - 3 potions of brilliance
 w - 2 potions of lignification
Comestibles
 c - 18 rations


   Skills:
 + Level 9.2 Fighting
 * Level 15.2 Axes
 + Level 8.0 Armour
 + Level 6.3 Dodging


You had 10 spell levels left.
You didn't know any spells.

Dungeon Overview and Level Annotations

Branches:
Dungeon (11/15)            Temple (0/1) D:7             Orc (0/2) D:10
   Lair: D:8-11

Altars:
Ashenzari
Dithmenos
Elyvilon
Fedhas
Hepliaklqana
Kikubaaqudgha
Qazlal
Ru
Sif Muna
Trog
Wu Jian
Xom

Shops:
D:4 ?   D:5 *


Innate Abilities, Weirdness & Mutations

You reflexively headbutt those who attack you in melee.
You have a pair of horns on your head.
You can translocate small distances at will.
Your spells are a little harder to cast, but a little more powerful.
You expend magic power (3 MP) to strengthen your wands.


Message History

Okay, then.
You feel better.
You feel yourself speed up. Something hits you.
* * * LOW HITPOINT WARNING * * *
The black bear bites you!
* * * LOW HITPOINT WARNING * * *
The black bear completely misses you. The black bear claws you.
* * * LOW HITPOINT WARNING * * *
Your iron troll bites the black bear!!!
The black bear dies!
Trog accepts your kill. The scorpion stings you.
* * * LOW HITPOINT WARNING * * *
You are poisoned.
The scorpion poisons you!
Your skin crawls.
You feel resistant to hostile enchantments.
You feel somewhat more hungry.
You feel sick. Something hits you!
You die...

.P......# #%#.#..#.#
PP.!....# #.# #.....#
......K.## #%# ##..###
P..s.....##%# #..##
.........#.# ###..#
h.....(..†.####.†.(#
#((5.......((######...
##....####.()(<....(..
#.....s@..()#####..##
........T†.).#######
###.....#....<.....#
........#.####.......
........... .......
...........## #######
.........#..
........#..


You could see a scorpion, an ufetubus and a friendly iron troll (berserk).

Vanquished Creatures
  The ghost of flestrin the Cleaver, a novice HOFi of Okawaru (D:7)
  A gargoyle (D:11)
  2 queen bees
  A troll (D:10)
  A hornet (D:8)
  A hippogriff (D:10)
  A hungry ghost (D:9)
  2 orc warriors
  An ice beast (D:6)
  5 centaurs
  3 phantoms
  8 ogres
  3 big kobolds
  Blork the orc (D:6)
  6 bullfrogs
  A wyvern skeleton (D:6)
  3 scorpions
  38 killer bees
  A howler monkey (D:5)
  A centaur zombie (D:11)
  2 crimson imps
  6 orc priests
  2 bullfrog skeletons (D:6)
  A centaur skeleton (D:6)
  5 hounds
  15 orc wizards
  4 iguanas
  7 worker ants
  A hound skeleton (D:7)
  4 gnolls (D:5)
  A howler monkey skeleton (D:7)
  15 adders
  A shadow imp (D:6)
  2 adder zombies
  An adder skeleton (D:5)
  4 worms
  3 leopard geckos
  48 orcs
  2 ball pythons (D:2)
  A bat skeleton (D:2)
  5 giant cockroaches
  8 goblins
  8 hobgoblins
  7 jackals
  8 quokkas
  6 bats
  4 frilled lizards
  17 kobolds
  A leopard gecko skeleton (D:9)
  A quokka zombie (D:5)
  12 rats
283 creatures vanquished.

Vanquished Creatures (collateral kills)
  A cyclops (D:11)
  A black bear (D:11)
  The ghost of dscm the Shield-Bearer, an amateur FoFi (D:5)
  A bullfrog (D:11)
  A killer bee (D:11)
  A crimson imp (D:7)
6 creatures vanquished.

Vanquished Creatures (others)
  A fungus (D:11)
  A plant (D:7)
2 creatures vanquished.

Grand Total: 291 creatures vanquished

Notes
Turn   | Place    | Note
-------+----------+-------------------------------------------
     0 | D:1      | tev the Minotaur Berserker began the quest for the Orb.
     0 | D:1      | Reached XP level 1. HP: 19/19 MP: 0/0
   170 | D:1      | Reached skill level 4 in Axes
   193 | D:1      | Reached XP level 2. HP: 22/27 MP: 1/1
  1093 | D:2      | Reached XP level 3. HP: 31/33 MP: 2/2
  1225 | D:2      | Found a deep blue altar of Sif Muna.
  1233 | D:2      | Reached ** piety under Trog
  1471 | D:3      | Reached skill level 5 in Axes
  1487 | D:3      | Found a faded altar of an unknown god.
  1809 | D:3      | Reached XP level 4. HP: 40/40 MP: 3/3
  2436 | D:3      | Reached XP level 5. HP: 37/47 MP: 4/4
  2639 | D:4      | Noticed an ogre
  2643 | D:4      | Killed an ogre
  2643 | D:4      | Reached skill level 6 in Axes
  2748 | D:4      | Noticed an ogre
  2762 | D:4      | Killed an ogre
  2762 | D:4      | Reached skill level 7 in Axes
  2762 | D:4      | Reached XP level 6. HP: 41/53 MP: 5/5
  3008 | D:4      | Found Hodghoys's Magic Scroll Shoppe.
  3013 | D:4      | Bought a scroll of enchant weapon for 90 gold pieces
  3013 | D:4      | Bought a scroll of identify for 24 gold pieces
  3042 | D:4      | Reached skill level 8 in Axes
  3042 | D:4      | Reached XP level 7. HP: 13/60 MP: 6/6
  3046 | D:4      | Reached *** piety under Trog
  3386 | D:4      | Reached skill level 5 in Fighting
  3976 | D:4      | Reached skill level 9 in Axes
  4041 | D:5      | Entered Level 5 of the Dungeon
  4056 | D:5      | Found Pkecoff's Practical Paraphernalia.
  4138 | D:5      | Gained mutation: You expend magic power (3 MP) to strengthen your wands. [potion of mutation]
  4138 | D:5      | Gained mutation: Your spells are a little harder to cast, but a little more powerful. [potion of mutation]
  4138 | D:5      | Gained mutation: You can translocate small distances at will. [potion of mutation]
  4486 | D:5      | Reached XP level 8. HP: 53/69 MP: 7/7
  4617 | D:5      | Reached skill level 5 in Armour
  4629 | D:5      | Reached **** piety under Trog
  4781 | D:5      | Found an ancient bone altar of Kikubaaqudgha.
  4790 | D:5      | Reached skill level 10 in Axes
  4828 | D:5      | Noticed dscm's ghost (amateur FoFi)
  4835 | D:5      | Killed dscm's ghost
  5552 | D:6      | Noticed Blork the orc
  5564 | D:6      | Killed Blork the orc
  5639 | D:6      | Reached skill level 11 in Axes
  5680 | D:6      | Reached XP level 9. HP: 60/78 MP: 8/8
  5897 | D:6      | Reached skill level 5 in Dodging
  6111 | D:6      | Found a hazy altar of Hepliaklqana.
  6112 | D:6      | Found a sacrificial altar of Ru.
  6112 | D:6      | Found a shimmering altar of Xom.
  6113 | D:6      | Found a shadowy altar of Dithmenos.
  6282 | D:6      | Found a bloodstained altar of Trog.
  6501 | D:7      | Noticed flestrin's ghost (novice HOFi)
  6512 | D:7      | Killed flestrin's ghost
  6512 | D:7      | Reached skill level 12 in Axes
  6696 | D:7      | Found a shattered altar of Ashenzari.
  6710 | D:7      | Reached ***** piety under Trog
  6751 | D:7      | Reached skill level 13 in Axes
  7065 | D:7      | Found a staircase to the Ecumenical Temple.
  7201 | D:7      | Found a blossoming altar of Fedhas.
  7384 | D:8      | Got a brightly glowing leather armour
  7385 | D:8      | Identified the +0 leather armour of Spite {rElec rPois MR-} (You found it on level 8 of the Dungeon)
  7562 | D:8      | Got a bloodstained robe
  7573 | D:8      | Identified the +2 robe "Ypneclysh" {rElec rF+ rCorr} (You found it on level 8 of the Dungeon)
  7978 | D:8      | Paralysed by a hornet for 3 turns
  8267 | D:8      | Found a white marble altar of Elyvilon.
  8313 | D:8      | Found an ornate altar of the Wu Jian Council.
  8523 | D:9      | Identified the Papyrus of Spatial Black Rituals
  8543 | D:9      | Reached XP level 10. HP: 76/88 MP: 9/9
  8584 | D:9      | Found a stormy altar of Qazlal.
  9022 | D:9      | Reached skill level 14 in Axes
  9492 | D:10     | Entered Level 10 of the Dungeon
  9675 | D:10     | Found a staircase to the Orcish Mines.
 10174 | D:10     | Got a scorched ring mail
 10185 | D:10     | Identified the +4 ring mail "Mujosina" {Stlth+} (You found it on level 10 of the Dungeon)
 10461 | D:11     | Noticed a gargoyle
 10492 | D:11     | Killed a gargoyle
 10502 | D:11     | Reached skill level 15 in Axes
 10794 | D:11     | Reached XP level 11. HP: 97/97 MP: 10/10
 10818 | D:11     | Slain by an unseen horror

Skill      XL: |  1  2  3  4  5  6  7  8  9 10 11 |
---------------+----------------------------------+-----
Axes           | 4 5 7 8 9 11 13 15 | 15.2
Fighting       | 4 5 6 8 9 |  9.2
Armour         | 3 4 5 6 7 8 |  8.0
Dodging        | 3 4 5 6 |  6.3

Action                   |  1- 3 |  4- 6 |  7- 9 | 10-12 || total
-------------------------+-------+-------+-------+-------++-------
Melee: Hand axe          |    68 |    85 |   206 |       ||   359
       Headbutt          |     9 |    16 |    62 |    37 ||   124
       War axe           |       |       |   144 |   189 ||   333
Invok: Berserk           |       |     2 |     4 |     5 ||    11
       Trog's Hand       |       |       |     2 |     2 ||     4
       Brothers in Arms  |       |       |     2 |     2 ||     4
       Burn Spellbooks   |       |       |       |     2 ||     2
  Use: Potion            |       |       |     1 |     4 ||     5
       Scroll            |       |       |     1 |     9 ||    10
  Eat: Chunk             |     3 |     4 |    13 |     6 ||    26
       Ration            |       |       |     5 |     3 ||     8
Armor: Animal skin       |    12 |       |       |       ||    12
       Ring mail         |     2 |    39 |    92 |    67 ||   200
Dodge: Dodged            |    44 |    63 |   200 |   188 ||   495
